 Dungeon Crawl Stone Soup version 0.28-a0-661-g144af121cd (webtiles) character file.

Game seed: 11610160588922231476

241 Lekart the Skirmisher (level 5, 0/46 HPs)
             Began as a Draconian Abyssal Knight on Oct 14, 2021.
             Was a Follower of Lugonu.
             Splashed by a jelly's acid (9 damage)
             ... on level 4 of the Dungeon.
             The game lasted 00:05:02 (3901 turns).

Lekart the Skirmisher (Draconian Abyssal Knight)    Turns: 3901, Time: 00:05:02

Health: 0/46       AC: -7    Str: 15    XL:     5   Next: 80%
Magic:  7/7        EV: 13    Int: 10    God:    Lugonu [*.....]
Gold:   204        SH:  0    Dex: 13    Spells: 4/4 levels left

rFire   . . .      SeeInvis .   e - +1 dagger (flame)
rCold   + . .      Faith    .   (no shield)
rNeg    . . .      Spirit   .   (armour unavailable)
rPois   .          Reflect  .   (helmet restricted)
rElec   .          Harm     .   (no cloak)
rCorr   .          Rampage  .   (no gloves)
Will    .....                   (no boots)
Stlth   +.........              (no amulet)
HPRegen 0.15/turn               j - ring of flight
MPRegen 0.10/turn               d - ring of protection from cold

@: corroded, flying, studying Crossbows
A: AC +5, unfitting armour, cold-blooded
a: Renounce Religion, Depart the Abyss


You were on level 4 of the Dungeon.
You worshipped Lugonu.
Lugonu was aware of your devotion.
You visited 1 branch of the dungeon, and saw 4 of its levels.
You visited the Abyss 1 time.

You collected 204 gold pieces.

Inventory:

Hand Weapons
 a - a +1 falchion
 c - a +3 whip of venom
 e - a +1 dagger of flaming (weapon)
Missiles
 f - 5 boomerangs (quivered)
Jewellery
 d - a ring of protection from cold (right hand)
 j - a ring of flight (left hand)
Scrolls
 b - 2 scrolls of identify
 g - a scroll of fear {unknown}


   Skills:
 + Level 4.3 Fighting
 + Level 1.1(2.0) Short Blades
 + Level 2.5(2.7) Long Blades
 + Level 2.1 Maces & Flails
 + Level 1.3 Throwing
 + Level 3.1 Dodging
 * Level 3.4 Invocations


You had 4 spell levels left.
You didn't know any spells.
Your spell library was empty.

Dungeon Overview and Level Annotations

Branches:
Dungeon (4/15)
 Temple: D:4-7

Altars:
Cheibriados
Gozag


Innate Abilities, Weirdness & Mutations

Your plain brown scales are hard. (AC +5)
You cannot fit into any form of body armour.
You are cold-blooded and may be slowed by cold attacks.


Message History

You start resting.
You feel a strong urge to attack something.
You feel your anger nearly subside.
You are no longer berserk.
You are exhausted.
You feel yourself slow down.
You start resting.
You feel yourself speed up.
You start resting.
You recover from your berserk rage.
You start resting.
HP restored.
You reach down and open the door.
A jelly comes into view.
The jelly quivers.
Found 12 gold pieces.
There is an open door here.
You hit the jelly. You burn the jelly.
Your hands burn!
The jelly is heavily wounded.
You hit the jelly. You burn the jelly. The acid corrodes you!
Your hands burn!
The jelly is severely wounded.
The jelly closely misses you.
You hit the jelly but do no damage.
Your hands burn!
The jelly is severely wounded.
The jelly hits you.
You are splashed with acid!
You hit the jelly but do no damage. The acid corrodes you!
Your hands burn!
The jelly is severely wounded.
The jelly misses you.
You hit the jelly but do no damage.
Your hands burn!
The jelly is severely wounded.
The jelly hits you. The acid corrodes you!
You are splashed with acid.
You are too injured to fight recklessly!
You are too injured to fight recklessly!
You hit the jelly. You burn the jelly.
Your hands burn!
* * * LOW HITPOINT WARNING * * *
You tail-slap the jelly, but do no damage.
The jelly is almost dead.
The jelly hits you.
* * * LOW HITPOINT WARNING * * *
You are splashed with acid!
You die...

..............+.....#............
..............#.....#............
..............########...##......
..............#.....##...##......
..............+.....#....##....#
..............#.....#....##....##
#+####........#.....#............
#........#.J...#......<.....
#........#.@...#######......
#........#'###### #....##
#...............# #....#
#...............# .....#
#...............# .....+
#...............# .....#
#...............# ##.##.#
#############....$ .....


You could see a jelly.

Vanquished Creatures
  An acid dragon (D:4)
  An iron imp (D:3)
  A gnoll (D:1)
  3 adders
  A white imp (D:3)
  4 ball pythons
  9 bats
  5 endoplasms
  4 giant cockroaches
  6 hobgoblins
  7 jackals (D:1)
  2 quokkas
  3 frilled lizards
  3 goblins (D:2)
  8 kobolds
  4 rats
62 creatures vanquished.

Vanquished Creatures (others)
  4 plants (D:1)
4 creatures vanquished.

Grand Total: 66 creatures vanquished

Notes
Turn   | Place    | Note
-------+----------+-------------------------------------------
     0 | Abyss:1  | Lekart the Draconian Abyssal Knight began the quest for the
                  | Orb.
     0 | Abyss:1  | Reached XP level 1. HP: 19/19 MP: 2/2
    27 | Abyss:2  | Noticed a wizard
    40 | Abyss:2  | Noticed a rakshasa
    45 | D:1      | Escaped the Abyss
   724 | D:1      | Reached XP level 2. HP: 26/26 MP: 3/3
  1087 | D:1      | Reached * piety under Lugonu
  1104 | D:1      | Reached XP level 3. HP: 33/33 MP: 4/4
  1587 | D:2      | Reached skill level 4 in Fighting
  1759 | D:2      | Found an opulent altar of Gozag.
  1950 | D:2      | Reached skill level 1 in Maces & Flails
  2030 | D:2      | Reached XP level 4. HP: 35/40 MP: 6/6
  2247 | D:3      | Found a faded altar of an unknown god.
  2258 | D:3      | Found a snail-covered altar of Cheibriados.
  2542 | D:3      | HP: 1/40 [white imp/puff of frost (7)]
  3630 | D:4      | Noticed an acid dragon
  3639 | D:4      | Killed an acid dragon
  3640 | D:4      | Reached skill level 1 in Short Blades
  3640 | D:4      | Reached skill level 1 in Throwing
  3640 | D:4      | Reached XP level 5. HP: 11/46 MP: 7/7
  3901 | D:4      | Splashed by a jelly's acid

Illustrated notes

Levels and vault maps discovered:
D:1:      psy_arrival_dodecagon, layout_basic, chequers_big_river, st_stairs_12,
          roderic_serpentine_path
D:2:      layout_basic, basic_altar
D:3:      layout_basic, slow_altar_1, chequers_ecumenical_altar_island,
          kennysheep_cross_bottleneck, kennysheep_cluttered_room
D:4:      layout_gridville, nicolae_uskayaw_dance_hall,
          okawaru_metal_pillars_1_2, serial_glass, glass_columns_c,
          glass_columns_a, uniq_sigmund

Skill      XL: |  1  2  3  4 |
---------------+-------------+-----
Fighting       | 4 |  4.3
Maces & Flails | 1 2 |  2.1
Invocations    | 3 |  3.4
Short Blades   | 1 |  1.1
Throwing       | 1 |  1.3
Dodging        | 3 |  3.1
Long Blades    | |  2.5

Action                   |  1- 3 |  4- 6 || total
-------------------------+-------+-------++-------
Melee: Falchion          |    17 |       ||    17
       Whip              |    75 |       ||    75
       Tailslap          |    12 |    10 ||    22
       Dagger            |     7 |    92 ||    99
Throw: Boomerang         |    22 |     1 ||    23
Invok: Depart the Abyss  |     1 |       ||     1
  Use: Scroll            |       |     7 ||     7
       Potion            |       |     1 ||     1
 Stab: Sleeping          |     1 |     1 ||     2
Armor: Skin              |    40 |    21 ||    61
Dodge: Dodged            |    70 |    49 ||   119

Table legend: (Time is in decaauts)
 A = Elapsed time spent in this place.
 B = Non-inter-level travel time spent in this place.
 C = Inter-level travel time spent in this place.
 D = Time resting spent in this place.
 E = Time spent auto-exploring this place.
 F = Levels seen in this place.
 G = Mean time per level.
                   A        B        C        D        E       F      G
               +--------+--------+--------+--------+--------+-----+--------+
         Total |   3934 |   3867 |     67 |    666 |   2683 |   6 |  655.7 |
       Dungeon |   3889 |   3822 |     67 |    666 |   2664 |   4 |  972.2 |
         Abyss |     45 |     45 |      0 |      0 |     19 |   2 |   22.5 |
               +--------+--------+--------+--------+--------+-----+--------+

Top non-repeatable levels by time:
     D:1: 1554 daAuts
     D:3: 1314 daAuts
     D:2: 671 daAuts
     D:4: 350 daAuts
 Abyss:2: 38 daAuts
 Abyss:1: 7 daAuts
